 Dungeon Crawl Stone Soup version 0.26-a0-610-g3e9335bbc7 (webtiles) character file.

Game seed: 3863296828612475612

744 Eifo4Ohj9gu9Dob0ohLe the Skirmisher (level 7, -8/44 HPs)
             Began as a Gargoyle Berserker on Sept 4, 2020.
             Was a Believer of Trog.
             Killed by divine providence
             ... invoked by an orc priest
              (16 damage)
             ... on level 5 of the Dungeon.
             The game lasted 00:21:06 (4784 turns).

Eifo4Ohj9gu9Dob0ohLe the Skirmisher (GrBe)          Turns: 4784, Time: 00:21:07

Health: -8/44      AC: 19    Str: 22    XL:     7   Next: 76%
Magic:  7/7        EV:  6    Int:  8    God:    Trog [**....]
Gold:   236        SH: 12    Dex:  9    Spells: 6/6 levels left

rFire    . . .     SeeInvis .   e - +1 spear (venom)
rCold    . . .     Faith    .   n - +3 kite shield
rNeg     + . .     Spirit   .   h - +0 chain mail
rPois    ∞         Reflect  .   c - +2 helmet
rElec    +         Harm     .   (no cloak)
rCorr    .                      g - +0 pair of gloves
MR       .....                  k - +0 pair of boots
Stlth    ..........             o - amulet of regeneration
HPRegen  0.54/turn              (no ring)
MPRegen  0.10/turn              (no ring)

@: no status effects
A: negative energy resistance 1, electricity resistance, unbreathing,
petrification resistance, rot immunity, AC +4
a: Berserk, Trog's Hand, Renounce Religion


You were on level 5 of the Dungeon.
You worshipped Trog.
Trog was pleased with you.
You visited 1 branch of the dungeon, and saw 5 of its levels.

You collected 236 gold pieces.

Inventory:

Hand Weapons
 e - a +1 spear of venom (weapon)
 q - a +0 war axe
Armour
 c - a +2 helmet (worn)
 g - a +0 pair of gloves (worn)
 h - a +0 chain mail (worn)
 k - a +0 pair of boots (worn)
 n - a +3 kite shield (worn)
Jewellery
 o - an amulet of regeneration (around neck)
Wands
 a - a wand of random effects (14)
 l - a wand of polymorph (9)
Scrolls
 b - 2 scrolls of enchant armour
 f - a scroll of magic mapping
 i - a scroll of blinking {unknown}
 j - 3 scrolls of identify
 m - 4 scrolls of teleportation
 p - 2 scrolls of remove curse
Potions
 d - a potion of stabbing


   Skills:
 + Level 4.6 Fighting
   Level 4.2 Maces & Flails
 + Level 3.0 Polearms
 + Level 3.9 Armour
 + Level 3.2 Dodging
 + Level 1.8 Stealth
 + Level 3.6 Shields


You had 6 spell levels left.
You didn't know any spells.
Your spell library was empty.

Dungeon Overview and Level Annotations

Branches:
Dungeon (5/15)
 Temple: D:4-7

Altars:
Qazlal
Trog
Uskayaw
The Shining One


Innate Abilities, Weirdness & Mutations

You are resistant to torment.
Your stone body is resilient. (AC +4)
You are immune to poison.
You resist negative energy. (rN+)
You are resistant to electric shocks. (rElec)
You can survive without breathing.
You are immune to petrification.
You are immune to rotting.


Message History

a +0 dagger; a +0 robe The orc priest shouts!
The orc priest mumbles some strange prayers to Beogh against you.
Beogh smites you!
You barely miss the orc priest.
The orc priest mumbles some strange prayers to Beogh against you.
Beogh smites you!
The orc priest invokes the aid of Beogh against you.
Beogh smites you!
* * * LOW HITPOINT WARNING * * *
You hit the orc priest but do no damage.
The orc priest hits you but does no damage.
You hit the orc priest.
The orc priest is poisoned.
The orc priest is moderately wounded.
You block the orc priest's attack.
You hit the orc priest but do no damage.
The orc priest is moderately wounded.
The orc priest invokes the aid of Beogh against you.
Beogh smites you!
You die...

...o..:##.........#
##.{o...#.........# .
#.)...#.#....(....###..
..##### #............
### #..####).###.# . #
##.# ##.)...##... #
#.#####.......... #
#..........###>.
..####.o@..#
########..##...###.#
..##......#..#####.##
.....####.#.##......#
........#...##....#.#
#####...###.......#.# #
##...#..##....#.##
#.............#..#
####.............##.#


You could see an orc priest (poisoned).

Vanquished Creatures
  3 phantoms
  A scorpion (D:4)
  A bullfrog zombie (D:5)
  A hound (D:4)
  A jelly (D:5)
  2 orc priests (D:5)
  An iguana (D:4)
  3 orc wizards (D:5)
  A worker ant (D:4)
  Robin (D:4)
  6 adders
  A shadow imp (D:3)
  An adder skeleton (D:5)
  3 worms (D:2)
  5 leopard geckos
  4 orcs (D:5)
  4 bats
  4 giant cockroaches
  12 goblins
  11 hobgoblins
  2 quokkas
  3 frilled lizards
  5 kobolds
  A leopard gecko skeleton (D:3)
  5 rats
82 creatures vanquished.

Notes
Turn   | Place    | Note
-------+----------+-------------------------------------------
     0 | D:1      | Eifo4Ohj9gu9Dob0ohLe the Gargoyle Berserker began the quest
                  | for the Orb.
     0 | D:1      | Reached XP level 1. HP: 14/14 MP: 1/1
   410 | D:1      | Reached XP level 2. HP: 19/19 MP: 2/2
  1142 | D:2      | Reached XP level 3. HP: 16/24 MP: 3/3
  1346 | D:2      | Found a stormy altar of Qazlal.
  1380 | D:2      | Noticed a fire elemental
  1381 | D:2      | Noticed a water elemental
  1381 | D:2      | Noticed an earth elemental
  1381 | D:2      | Noticed an air elemental
  1455 | D:2      | Reached ** piety under Trog
  2001 | D:2      | Reached XP level 4. HP: 29/29 MP: 4/4
  2594 | D:3      | Found a hide-covered altar of Uskayaw.
  2849 | D:3      | Found a stormy altar of Qazlal.
  3521 | D:4      | Reached skill level 1 in Stealth
  3521 | D:4      | Reached XP level 5. HP: 25/33 MP: 5/5
  3618 | D:4      | Noticed Robin
  3630 | D:4      | Killed Robin
  3807 | D:4      | Found a bloodstained altar of Trog.
  3817 | D:4      | Noticed a phantom
  3827 | D:4      | Reached skill level 1 in Shields
  3827 | D:4      | Reached XP level 6. HP: 38/38 MP: 6/6
  4001 | D:4      | Killed a phantom
  4001 | D:4      | Reached skill level 1 in Polearms
  4246 | D:5      | Entered Level 5 of the Dungeon
  4304 | D:5      | Reached XP level 7. HP: 28/44 MP: 7/7
  4372 | D:5      | Found a glowing golden altar of the Shining One.
  4784 | D:5      | Killed from afar by an orc priest

Illustrated notes

Levels and vault maps discovered:
D:1:      minmay_arrival_open_corners, layout_basic
D:2:      layout_loops_corners, nicolae_qazlal_style_of_elements
D:3:      layout_basic, marbit_many_paths, old_standard_altar
D:4:      layout_rooms, kennysheep_little_box, uniq_robin
D:5:      layout_rooms, lemuel_doored_altar, lemuel_round_altar,
          minmay_temple_entry_trees, serial_shops, shop,
          nicolae_ru_path_of_blood

Skill      XL: |  1  2  3  4  5  6  7 |
---------------+----------------------+-----
Dodging        | 2 3 |  3.2
Maces & Flails | 4 |  4.2
Fighting       | 4 |  4.6
Stealth        | 1 |  1.8
Shields        | 1 2 3 |  3.6
Polearms       | 1 3 |  3.0
Armour         | 3 |  3.9

Action                   |  1- 3 |  4- 6 |  7- 9 || total
-------------------------+-------+-------+-------++-------
Melee: Mace              |   138 |    57 |       ||   195
       Spear             |       |   180 |   111 ||   291
Invok: Berserk           |       |     2 |     1 ||     3
  Use: Scroll            |     6 |     3 |     1 ||    10
       Potion            |     3 |     2 |       ||     5
 Stab: Sleeping          |     1 |       |       ||     1
Armor: Animal skin       |    49 |    24 |       ||    73
       Chain mail        |       |   172 |    64 ||   236
Dodge: Dodged            |    98 |    98 |    11 ||   207
Block: Kite shield       |       |   129 |    43 ||   172

Table legend: (Time is in decaauts)
 A = Elapsed time spent in this place.
 B = Non-inter-level travel time spent in this place.
 C = Inter-level travel time spent in this place.
 D = Time resting spent in this place.
 E = Time spent auto-exploring this place.
 F = Levels seen in this place.
 G = Mean time per level.
                   A        B        C        D        E       F      G
               +--------+--------+--------+--------+--------+-----+--------+
         Total |   4887 |   4807 |     80 |    980 |   1915 |   5 |  977.4 |
       Dungeon |   4887 |   4807 |     80 |    980 |   1915 |   5 |  977.4 |
               +--------+--------+--------+--------+--------+-----+--------+

Top non-repeatable levels by time:
     D:2: 1556 daAuts
     D:3: 1080 daAuts
     D:1: 868 daAuts
     D:4: 813 daAuts
     D:5: 569 daAuts
